 Dungeon Crawl Stone Soup version 0.28-a0-691-gad6df49e81 (webtiles) character file.

Game seed: 14809571322007924330

1820 mordus the Basher (level 9, 0/64 HPs)
             Began as a Formicid Fighter on Oct 20, 2021.
             Slain by Duvessa (16 damage)
             ... on level 6 of the Dungeon.
             The game lasted 00:10:33 (5640 turns).

mordus the Basher (Formicid Fighter)                Turns: 5640, Time: 00:10:34

Health: 0/64       AC: 18    Str: 23    XL:     9   Next: 32%
Magic:  9/9        EV: 11    Int:  9    God:
Gold:   265        SH:  5    Dex: 10    Spells: 8/8 levels left

rFire   . . .      SeeInvis +   e - +2 mace (distort)
rCold   . . .      Faith    .   c - +0 buckler
rNeg    . . .      Spirit   .   o - +0 plate armour
rPois   .          Reflect  .   (helmet unavailable)
rElec   .          Harm     .   g - +1 cloak
rCorr   .          Rampage  .   (no gloves)
Will    .....                   p - +2 pair of boots
Stlth   ..........              (no amulet)
HPRegen 0.20/turn               q - +4 ring of evasion
MPRegen 0.11/turn               (no ring)

@: no status effects
A: permanent stasis, dig shafts and tunnels, antennae 3, four strong arms
a: Dig, Shaft Self


You were on level 6 of the Dungeon.
You visited 1 branch of the dungeon, and saw 6 of its levels.
You also visited: Ossuary.

You collected 265 gold pieces.

Inventory:

Hand Weapons
 a - a +0 flail
 e - a +2 mace of distortion (weapon)
 f - a +2 mace of protection
Armour
 c - a +0 buckler (worn)
 g - a +1 cloak (worn)
 m - a +1 chain mail
 o - a +0 plate armour (worn)
 p - a +2 pair of boots (worn)
Jewellery
 b - a ring of ice
 q - a +4 ring of evasion (left hand)
 w - a ring of ice
 x - a ring of ice
Scrolls
 i - a scroll of fog
 k - 2 scrolls of identify
 l - a scroll of torment {unknown}
 n - a scroll of amnesia
Potions
 d - 3 potions of might
 h - 6 potions of heal wounds
 j - 2 potions of flight {unknown}
 r - 3 potions of curing
 s - 2 potions of lignification
 t - 5 potions of attraction
 u - 2 potions of mutation
 v - 2 potions of cancellation {unknown}


   Skills:
 - Level 3.2 Fighting
 * Level 8.4 Maces & Flails
 + Level 7.1 Armour
 + Level 7.7 Shields


You had 8 spell levels left.
You didn't know any spells.
Your spell library contained the following spells:

 Spells                   Type           Power      Damage    Failure   Level
 Foxfire                  Conj/Fire      0%         2x1d4     99%         1
 Conjure Flame            Conj/Fire      0%         6-21      100%        3
 Inner Flame              Hex/Fire       0%         N/A       100%        3
 Cause Fear               Hex            0%         N/A       100%        4
 Flame Wave               Conj/Fire      0%         3d3       100%        4
 Discord                  Hex            0%         N/A       100%        8


Dungeon Overview and Level Annotations

Branches:
Dungeon (6/15)            Ossuary (visited)
 Temple: D:4-7

Altars:
Makhleb

Shops:
D:4 *

Annotations:
D:6 Duvessa


Innate Abilities, Weirdness & Mutations

You cannot be hasted, slowed, berserked, paralysed or teleported.
You can dig through walls and to a lower floor.
You have a pair of large antennae on your head. (SInv)
Your four strong arms can wield two-handed weapons with a shield.


Message History

Duvessa weeps, then rights herself and shakes her weapon.
Duvessa goes berserk!
You hit Duvessa.
Space bends around Duvessa.
Duvessa is heavily wounded.
Duvessa hits you with a +3 short sword of holy wrath.
Duvessa hits you but does no damage.
You hit Duvessa.
Duvessa is heavily wounded.
Duvessa blinks!
Duvessa rages.
Things that are here:
a +0 dagger; a +0 robe; a potion of attraction You closely miss Duvessa.
Duvessa is heavily wounded.
Duvessa hits you with a +3 short sword of holy wrath!
You barely miss Duvessa.
Duvessa is heavily wounded.
Duvessa hits you with a +3 short sword of holy wrath!
You are too injured to fight recklessly!
You are too injured to fight recklessly!
You are too injured to fight recklessly!
You hit Duvessa.
Space bends around Duvessa.
Duvessa is severely wounded.
Duvessa barely misses you. You block Duvessa's attack.
You hit Duvessa.
Duvessa is severely wounded.
Duvessa hits you with a +3 short sword of holy wrath!
* * * LOW HITPOINT WARNING * * *
You barely miss Duvessa.
Duvessa is severely wounded.
You block Duvessa's attack. Duvessa hits you but does no damage.
You hit Duvessa.
Space bends around Duvessa.
Duvessa is almost dead.
You block Duvessa's attack.
You hit Duvessa.
Duvessa is almost dead.
Duvessa blinks!
Duvessa rages.
Duvessa hits you with a +3 short sword of holy wrath!
You die...

. #.. ..#
##..#
##..# .
##).# ..
###.###
....
##.e##
#.....
###.@##
#.....
##..###
#.....
####..##
#.....
#...##>##
#....
##.###..#
#....
#..#...##
#....
##......##
#....
#.......##
#..#.
#........#
#..#.


You could see Duvessa (berserk).

Vanquished Creatures
  Sigmund (D:3)
  Menkaure (D:4)
  A sky beast (D:4)
  2 necrophages
  An ogre (D:5)
  A phantom (D:4)
  3 scorpions
  Dowan (D:6)
  A wyvern skeleton (D:5)
  A water moccasin skeleton (D:6)
  3 hounds
  2 centaur zombies (D:6)
  2 jellies (D:6)
  2 human zombies (Ossuary)
  An orc priest (D:5)
  Crazy Yiuf (D:3)
  3 iguanas
  A killer bee zombie (D:6)
  A hound skeleton (D:5)
  3 mummies (Ossuary)
  8 adders
  An adder zombie (D:5)
  A worm (D:2)
  3 dart slugs
  9 orcs
  13 endoplasms
  2 giant cockroaches (D:4)
  A gnoll zombie (Ossuary)
  6 hobgoblins
  7 jackals
  6 kobolds
  2 quokkas
  7 ball pythons
  5 bats
  3 frilled lizards
  5 goblins
  A goblin zombie (Ossuary)
  2 hobgoblin zombies (Ossuary)
  2 kobold zombies (Ossuary)
  4 rats
120 creatures vanquished.

Notes
Turn   | Place    | Note
-------+----------+-------------------------------------------
     0 | D:1      | mordus the Formicid Fighter began the quest for the Orb.
     0 | D:1      | Reached XP level 1. HP: 18/18 MP: 1/1
   488 | D:1      | Reached XP level 2. HP: 14/24 MP: 2/2
   617 | D:1      | Found a faded altar of an unknown god.
  1529 | D:1      | Reached XP level 3. HP: 28/29 MP: 3/3
  1652 | D:1      | Reached skill level 3 in Maces & Flails
  1869 | D:1      | Reached XP level 4. HP: 35/35 MP: 4/4
  2326 | D:3      | Reached XP level 5. HP: 41/41 MP: 5/5
  2341 | D:3      | You fall into a shaft and drop 2 floors!
  2341 | D:5      | Entered Level 5 of the Dungeon
  2377 | D:5      | Reached skill level 4 in Maces & Flails
  2406 | D:5      | Noticed a necrophage
  2425 | D:5      | Killed a necrophage
  2426 | D:5      | Reached skill level 5 in Shields
  2426 | D:5      | Reached XP level 6. HP: 41/47 MP: 6/6
  2611 | D:5      | Reached skill level 5 in Maces & Flails
  2611 | D:5      | Reached XP level 7. HP: 46/52 MP: 7/7
  2767 | D:5      | Reached skill level 5 in Armour
  2901 | D:5      | Found a sand-covered staircase.
  2908 | Ossuary  | Entered an ossuary
  3452 | D:3      | Noticed Sigmund
  3473 | D:3      | Killed Sigmund
  3474 | D:3      | Reached skill level 6 in Maces & Flails
  3474 | D:3      | Reached XP level 8. HP: 41/58 MP: 8/8
  4089 | D:3      | Found a runed translucent door.
  4090 | D:3      | Noticed Crazy Yiuf
  4100 | D:3      | Killed Crazy Yiuf
  4253 | D:4      | Found Ninnit's Assorted Antiques.
  4272 | D:4      | Noticed Menkaure
  4280 | D:4      | Killed Menkaure
  4508 | D:4      | Reached skill level 7 in Maces & Flails
  4567 | D:4      | Found a burning altar of Makhleb.
  5384 | D:6      | Reached XP level 9. HP: 64/64 MP: 9/9
  5556 | D:6      | Reached skill level 8 in Maces & Flails
  5616 | D:6      | Noticed Duvessa
  5617 | D:6      | Noticed Dowan
  5627 | D:6      | Killed Dowan
  5640 | D:6      | Slain by Duvessa

Illustrated notes

Levels and vault maps discovered:
D:1:      lightli_arrival_isolated_outpost, layout_basic,
          hellmonk_ecumenical_altar_lost_god, hangedman_decor_growths
D:2:      layout_basic
D:3:      layout_loops_ring, glass_columns_c, minmay_goblin_kobold_house,
          uniq_crazy_yiuf_cottage, uniq_sigmund
D:4:      layout_basic, makhleb_heckhound_becter, kennysheep_big_empty_room,
          nicolae_inconvenience_store, uniq_menkaure
D:5:      layout_loops_ring, led_sif_pool, chequers_ossuary_entry_cave,
          uniq_grinder
D:6:      layout_cave_pods, mainiacjoe_overflow_alcove_1, uniq_duvessa,
          uniq_pikel

Skill      XL: |  1  2  3  4  5  6  7  8  9 |
---------------+----------------------------+-----
Shields        | 4 5 6 7 |  7.7
Maces & Flails | 3 4 5 6 7 8 |  8.4
Armour         | 4 5 6 7 |  7.1
Fighting       | |  3.2

Action                   |  1- 3 |  4- 6 |  7- 9 || total
-------------------------+-------+-------+-------++-------
Melee: Flail             |   103 |   124 |   132 ||   359
       Mace              |       |       |   135 ||   135
 Abil: Dig               |     2 |     1 |     3 ||     6
  Use: Scroll            |       |       |    12 ||    12
Armor: Scale mail        |    40 |       |       ||    40
       Chain mail        |    59 |    56 |    72 ||   187
       Plate armour      |       |       |    14 ||    14
Dodge: Dodged            |    81 |    59 |   134 ||   274
Block: Buckler           |    33 |    33 |    57 ||   123

Table legend: (Time is in decaauts)
 A = Elapsed time spent in this place.
 B = Non-inter-level travel time spent in this place.
 C = Inter-level travel time spent in this place.
 D = Time resting spent in this place.
 E = Time spent auto-exploring this place.
 F = Levels seen in this place.
 G = Mean time per level.
                   A        B        C        D        E       F      G
               +--------+--------+--------+--------+--------+-----+--------+
         Total |   5730 |   5480 |    250 |    446 |   3489 |   7 |  818.6 |
       Dungeon |   5406 |   5156 |    250 |    383 |   3485 |   6 |  901.0 |
       Ossuary |    324 |    324 |      0 |     63 |      4 |   1 |  324.0 |
               +--------+--------+--------+--------+--------+-----+--------+

Top non-repeatable levels by time:
     D:1: 1854 daAuts
     D:4: 1080 daAuts
     D:3: 855 daAuts
     D:5: 627 daAuts
     D:2: 515 daAuts
     D:6: 473 daAuts
 Ossuary: 324 daAuts
